 Dungeon Crawl Stone Soup version 0.24-a0-203-gf0bc1e9 (webtiles) character file.

Game seed: 13066063865156409207

247 Borgoz the Cutter (level 6, -4/37 HPs)
             Began as a Kobold Gladiator on Mar 26, 2019.
             Slain by a hound (5 damage)
             ... on level 4 of the Dungeon.
             The game lasted 00:05:41 (3454 turns).

Borgoz the Cutter (Kobold Gladiator)                Turns: 3454, Time: 00:05:42

Health: -4/37      AC:  1    Str: 10 (12) XL:     6   Next: 34%
Magic:  0/8        EV: 16    Int:  6 (7)  God:
Gold:   102        SH:  0    Dex: 16 (18) Spells: 8/8 levels left

rFire    . . .     SeeInvis .   a - +0 rapier
rCold    . . .     Gourm    .   (shield restricted)
rNeg     . . .     Faith    .   b - +0 leather armour
rPois    .         Spirit   +   c - +0 helmet
rElec    .         Reflect  .   (no cloak)
rCorr    .         Harm     .   (no gloves)
MR       .....                  (no boots)
Stlth    ++........             s - amulet of guardian spirit
HPRegen  0.12/turn              k - -3 ring of protection (curse)
MPRegen  0.11/turn              j - -2 ring of intelligence (curse)

@: flying
A: small, carnivore
a: no special abilities


You were on level 4 of the Dungeon.
You were very full.

You visited 1 branch of the dungeon, and saw 4 of its levels.

You collected 102 gold pieces.

Inventory:

Hand Weapons
 a - a +0 rapier (weapon)
Missiles
 q - 5 tomahawks (quivered)
Armour
 b - a +0 leather armour (worn)
 c - a +0 helmet (worn)
Jewellery
 j - a cursed -2 ring of intelligence (right hand)
 k - a cursed -3 ring of protection (left hand)
 o - a +4 ring of protection
 s - an amulet of guardian spirit (around neck)
 u - a +5 amulet of reflection
Scrolls
 e - a scroll of amnesia {unknown}
 g - 6 scrolls of remove curse {unknown}
 m - 2 scrolls of identify {unknown}
 p - a scroll of immolation {unknown}
 r - 2 scrolls of noise {unknown}
 t - a scroll of enchant weapon {unknown}
 v - a scroll of teleportation {unknown}
Comestibles
 f - 5 rations


   Skills:
 + Level 3.0 Fighting
 + Level 4.9 Short Blades
 + Level 3.1 Throwing
 * Level 2.2 Armour
 + Level 4.3 Dodging
 + Level 2.2 Stealth
 + Level 1.8 Spellcasting


You had 8 spell levels left.
You didn't know any spells.
Your spell library was empty.

Dungeon Overview and Level Annotations

Branches:
Dungeon (4/15)
 Temple: D:4-7

Altars:
Makhleb
Vehumet


Innate Abilities, Weirdness & Mutations

You are small and have problems with some larger weapons.
You are carnivorous and can eat meat at any time.


Message History

You feel better. The hound bites you. The quokka bites you.
* * * LOW HITPOINT WARNING * * *
You hit the hound.
The hound is heavily wounded.
The hound closely misses you. The quokka misses you. The hound misses you.
You barely miss the hound.
The hound is heavily wounded.
The quokka bites you.
* * * LOW HITPOINT WARNING * * *
The hound completely misses you.
You puncture the hound!
The hound is almost dead.
The hound misses you. The quokka barely misses you. The hound bites you.
* * * LOW HITPOINT WARNING * * *
You hit the hound but do no damage.
The hound is almost dead.
The quokka bites you.
* * * LOW HITPOINT WARNING * * *
The hound bites you.
You die...

#.##.## #.
#.#...#####.
#.###.......
#.#######..#
#.......#...
#######.#...
#################....#
#.....................
#....@...#(#########.#
#...h.r......#.......#
#..%.......#.#.#######
#..?.......#.#
#(.........# #
#........###
#####.###. ..# ..


You could see a hound and a quokka.

Vanquished Creatures
  A crimson imp (D:3)
  An orc wizard (D:3)
  2 hounds (D:4)
  4 adders
  A worm (D:3)
  4 dart slugs
  2 leopard geckos
  5 orcs (D:3)
  7 bats
  3 giant cockroaches
  10 goblins
  7 hobgoblins
  7 jackals
  2 quokkas
  2 ball pythons
  9 frilled lizards
  6 kobolds
  5 rats
78 creatures vanquished.

Notes
Turn   | Place    | Note
-------+----------+-------------------------------------------
     0 | D:1      | Borgoz the Kobold Gladiator began the quest for the Orb.
     0 | D:1      | Reached XP level 1. HP: 12/12 MP: 1/1
    61 | D:1      | Reached XP level 2. HP: 13/17 MP: 2/2
   485 | D:1      | Reached XP level 3. HP: 8/22 MP: 3/3
   726 | D:1      | Reached skill level 1 in Armour
   758 | D:1      | Reached skill level 1 in Stealth
  1150 | D:2      | Reached skill level 1 in Spellcasting
  1439 | D:2      | Reached XP level 4. HP: 24/27 MP: 5/5
  2338 | D:3      | Reached XP level 5. HP: 30/31 MP: 7/7
  2907 | D:3      | Found a radiant altar of Vehumet.
  2908 | D:3      | Found a burning altar of Makhleb.
  3031 | D:4      | Reached XP level 6. HP: 11/36 MP: 3/8
  3454 | D:4      | HP: 1/37 [quokka (2)]
  3454 | D:4      | Slain by a hound

Levels and vault maps discovered:
D:1:      psy_arrival_basics, layout_loops_ring, minmay_lizard_pond
D:2:      layout_basic
D:3:      layout_rooms, grunt_temple_overflow_lords_of_destruction
D:4:      minmay_evil_eye, layout_basic, first_ration

Skill      XL: |  1  2  3  4  5  6 |
---------------+-------------------+-----
Armour         | 1 2 |  2.2
Stealth        | 1 2 |  2.2
Spellcasting   | 1 |  1.8
Dodging        | 4 |  4.3
Throwing       | 3 |  3.1
Fighting       | 3 |  3.0
Short Blades   | |  4.9

Action                   |  1- 3 |  4- 6 || total
-------------------------+-------+-------++-------
Melee: Rapier            |   134 |   204 ||   338
Throw: Throwing net      |       |     3 ||     3
  Use: Potion            |       |     6 ||     6
 Stab: Sleeping          |     2 |       ||     2
       Distracted        |       |     1 ||     1
  Eat: Chunk             |    10 |     6 ||    16
Armor: Leather armour    |    28 |    25 ||    53
Dodge: Dodged            |   124 |   195 ||   319

Table legend:
 A = Non-vault XP
 B = Vault XP
 C = Vault XP percentage of total XP
 D = Non-vault monster count
 E = Vault monster count
 F = Vault count percentage of total count
                 A         B        C        D         E       F
            +---------+---------+-------+---------+---------+-------
      Total |     303 |      51 |  14.4 |      74 |       4 |   5.1
            +---------+---------+-------+---------+---------+-------
        D:1 |      47 |       3 |   6.0 |      24 |       3 |  11.1
        D:2 |      41 |       0 |   0.0 |      17 |       0 |   0.0
        D:3 |     113 |      48 |  29.8 |      27 |       1 |   3.6
        D:4 |     102 |       0 |   0.0 |       6 |       0 |   0.0
            +---------+---------+-------+---------+---------+-------
